 Dungeon Crawl Stone Soup version 0.21.1-1-g345015fe64 (webtiles) character file.

57206 Naru the Severer (level 14, -4/198 (199) HPs)
             Began as a Minotaur Berserker on June 14, 2018.
             Was a High Priest of Trog.
             Killed from afar by a shock serpent (16 damage)
             ... with an electric aura
             ... on level 1 of the Snake Pit.
             The game lasted 00:58:20 (27294 turns).

Naru the Severer (Minotaur Berserker)              Turns: 27294, Time: 00:58:20

HP:   -4/198 (199)  AC: 23    Str: 28    XL:     14   Next: 44%
MP:   13/13         EV: 10    Int:  4    God:    Trog [*****.]
Gold: 46            SH: 11    Dex: 14    Spells: 13/13 levels left

rFire    . . .     SeeInvis .   Z - +3 broad axe (chop)
rCold    + . .     Gourm    .   v - +0 shield {reflect}
rNeg     . . .     Faith    .   o - +2 plate armour {rPois}
rPois    +         Spirit   .   (helmet restricted)
rElec    .         Reflect  +   w - +0 cloak
rCorr    .         Harm     +   h - +1 pair of gloves
MR       +....                  (no boots)
Stlth    ..........             G - amulet of harm
HPRegen  0.43/turn              y - ring of poison resistance
MPRegen  0.13/turn              L - ring of protection from cold

@: berserking, very quick
A: retaliatory headbutt, horns 2
a: Berserk, Trog's Hand, Brothers in Arms, Burn Spellbooks, Renounce Religion


You were on level 1 of the Snake Pit.
You worshipped Trog.
Trog was extremely pleased with you.
You were hungry.

You visited 4 branches of the dungeon, and saw 20 of its levels.

You collected 1906 gold pieces.
You spent 1860 gold pieces at shops.

Inventory:

Hand Weapons
 E - a +6 antimagic battleaxe
 Z - a +3 broad axe of chopping (weapon)
Missiles
 u - 2 throwing nets
 I - 18 tomahawks (quivered)
Armour
 a - a +1 scale mail of cold resistance
 h - a +1 pair of gloves (worn)
 o - a +2 plate armour of poison resistance (worn)
 v - a +0 shield of reflection (worn)
 w - a +0 cloak (worn)
 H - +0 fire dragon scales
Jewellery
 y - a ring of poison resistance (left hand)
 z - an uncursed ring of positive energy
 G - an amulet of harm (around neck)
 L - a ring of protection from cold (right hand)
 M - an uncursed ring of fire
Wands
 q - a wand of acid (12)
 A - a wand of iceblast (9)
 F - a wand of scattershot (16)
 K - a wand of random effects (23)
 V - a wand of digging (25)
 X - a wand of paralysis (6)
Scrolls
 g - 10 scrolls of teleportation
 k - 9 scrolls of remove curse
 p - a scroll of blinking
 x - a scroll of brand weapon
 D - a scroll of summoning
 J - 3 scrolls of fear
 N - 3 scrolls of fog
 O - a scroll of magic mapping
Potions
 b - 2 potions of mutation
 d - 2 potions of brilliance
 e - 2 potions of cancellation
 f - 2 potions of magic
 i - 2 potions of agility
 l - 8 potions of curing
 n - 2 potions of ambrosia
 r - 2 potions of lignification
 s - 7 potions of heal wounds
 t - 4 potions of berserk rage
 B - 4 potions of flight
 C - 3 potions of invisibility
 P - a potion of resistance {unknown}
 S - a potion of experience {unknown}
 U - a potion of might
Books
 j - a book of Cantrips

   Spells                             Type                      Level
   a - Confusing Touch                Hexes                        1
   b - Animate Skeleton               Necromancy                   1
   c - Summon Small Mammal            Summoning                    1
   d - Apportation                    Translocation                1
   Trog disapproves of the use of such an item.
 Q - a book of Callings

   Spells                             Type                      Level
   a - Summon Small Mammal            Summoning                    1
   b - Call Imp                       Summoning                    2
   c - Call Canine Familiar           Summoning                    3
   d - Summon Guardian Golem          Hexes/Summoning              3
   e - Summon Lightning Spire         Summoning/Air                4
   f - Summon Ice Beast               Ice/Summoning                4
   Trog disapproves of the use of such an item.
 T - a book of Misfortune

   Spells                             Type                      Level
   a - Confusing Touch                Hexes                        1
   b - Confuse                        Hexes                        3
   c - Gell's Gravitas                Translocation                3
   d - Petrify                        Transmutation/Earth          4
   e - Metabolic Englaciation         Hexes/Ice                    5
   f - Yara's Violent Unravelling     Hexes/Transmutation          5
   Trog disapproves of the use of such an item.
Miscellaneous
 m - a fan of gales
Comestibles
 c - 10 rations


   Skills:
 * Level 14.5 Fighting
 * Level 18.6 Axes
 * Level 15.7 Armour
 * Level 6.4 Dodging
 - Level 0.1 Stealth
 * Level 5.2 Shields
 - Level 0.5 Evocations


You had 13 spell levels left.
You didn't know any spells.

Dungeon Overview and Level Annotations

Branches:
Dungeon (11/15)            Temple (0/1) D:7            Lair (6/6) D:11
 Shoals (0/4) Lair:4        Snake (1/4) Lair:2        Slime (0/5) Lair:5
    Orc (2/2) D:9             Elf (0/3) Orc:2

Altars:
Ashenzari
Cheibriados
Dithmenos
Elyvilon
Fedhas
Kikubaaqudgha
Makhleb
Nemelex Xobeh
Qazlal
Trog
Uskayaw
Vehumet
Xom
Yredelemnul
Zin
Beogh
Jiyva

Shops:
D:5 (   D:7 (   Orc:2 *::[

Annotations:
Lair:1 exclusion: oklob plant


Innate Abilities, Weirdness & Mutations

You reflexively headbutt those who attack you in melee.
You have a pair of horns on your head.


Message History

You are too injured to fight recklessly!
Unknown command.
You are too injured to fight recklessly!
You feel a strong urge to attack something.
The shock serpent shoots out a bolt of lightning at you!
The bolt of electricity hits you!
* * * LOW HITPOINT WARNING * * *
The anaconda closely misses you. You block the anaconda's attack.
The shock serpent bites you.
* * * LOW HITPOINT WARNING * * *
The shock serpent shocks you!
* * * LOW HITPOINT WARNING * * *
Things that are here:
a long sword; a naga corpse You slice the shock serpent!!
You kill the shock serpent!
Trog accepts your kill.
You miss the anaconda.
The air sparks with electricity, shocking you!
You die...

.......# #......# ###
##...... #.. ## #.#...#
#.###.#####
#..#..###.##.....!..
##.....#.###........
###........##..$......
###...........#.........
#...####........@S......
.##.# ###...##.†.......
#.#.# #..###.........
#.### #..# #.........
##.## #.#.. #.......##
##.####.##.#.#.....###
#......#####..#####
#.####.# #.. ##.#


You could see an anaconda.

Vanquished Creatures
  Donald (Orc:2)
  Josephine (D:11)
  4 hydras
  The ghost of Sapher the Reanimator, a journeyman GnNe of Vehumet (Lair:3)
  A catoblepas (Lair:6)
  3 two-headed ogres
  3 orc high priests (Orc:2)
  Urug (Lair:2)
  A shock serpent (Snake:1)
  Sonja (Lair:1)
  Nergalle (D:10)
  An unseen horror (D:10)
  4 orc knights (Orc:2)
  Pikel (D:6)
  3 orc sorcerers (Orc:2)
  An ugly thing (D:11)
  10 elephants (Lair:6)
  2 black mambas
  Maurice (D:11)
  18 spiny frogs
  2 komodo dragons
  3 trolls
  6 polar bears
  A merfolk (D:9)
  The ghost of GreedyOne the Shield-Bearer, an amateur FoFi of Wu Jian (D:4)
  4 hornets (Lair:6)
  A dream sheep (Lair:6)
  13 hippogriffs
  13 spriggans (Lair:6)
  Sigmund (D:2)
  4 wraiths
  42 yaks
  A wyvern (Lair:3)
  Menkaure (D:5)
  Grum (D:8)
  2 nagas
  3 wargs
  11 water moccasins
  11 porcupines
  2 hell hounds (D:11)
  5 sky beasts
  4 ice beasts
  16 orc warriors
  4 slaves (D:6)
  3 black bears
  4 phantoms
  10 ogres
  4 boggarts (Lair:6)
  41 wolves
  7 centaurs
  2 eyes of draining
  3 necrophages
  A big kobold (D:8)
  7 crocodiles
  10 bullfrogs
  4 scorpions
  4 killer bees (D:10)
  5 howler monkeys
  3 crimson imps
  3 centaur zombies
  A quasit (D:6)
  4 hounds
  14 orc priests
  A jelly (D:9)
  18 orc wizards
  A bullfrog skeleton (D:11)
  3 iguanas
  8 worker ants
  A killer bee zombie (D:7)
  A hound zombie (D:6)
  A mummy (D:6)
  A howler monkey skeleton (D:4)
  A howler monkey zombie (D:5)
  2 worker ant zombies
  6 gnolls
  3 adders
  3 shadow imps
  An ooze (D:2)
  3 worms
  5 dart slugs
  6 leopard geckos
  59 orcs
  10 giant cockroaches
  3 goblins
  5 hobgoblins
  8 jackals
  9 kobolds
  4 quokkas
  11 bats
  3 frilled lizards
  A leopard gecko skeleton (D:4)
  2 leopard gecko zombies
  8 rats
  4 fungi
  4 plants
537 creatures vanquished.

Vanquished Creatures (others)
  An orc priest (Orc:2)
  8 fungi
  4 plants
13 creatures vanquished.

Grand Total: 550 creatures vanquished

Notes
Turn   | Place    | Note
-------+----------+-------------------------------------------
     0 | D:1      | Naru the Minotaur Berserker began the quest for the Orb.
     0 | D:1      | Reached XP level 1. HP: 19/19 MP: 0/0
   188 | D:1      | Reached skill level 4 in Axes
   188 | D:1      | Reached XP level 2. HP: 26/27 MP: 1/1
   638 | D:2      | Found a sparkling altar of Nemelex Xobeh.
   642 | D:2      | Found a white marble altar of Elyvilon.
   642 | D:2      | Found a shimmering altar of Xom.
   716 | D:2      | Noticed Sigmund
   724 | D:2      | Killed Sigmund
   724 | D:2      | Reached skill level 5 in Fighting
   724 | D:2      | Reached skill level 5 in Axes
   724 | D:2      | Reached XP level 3. HP: 36/36 MP: 2/2
   724 | D:2      | Reached XP level 4. HP: 42/42 MP: 3/3
   724 | D:2      | Reached XP level 5. HP: 48/48 MP: 4/4
   844 | D:2      | Found a radiant altar of Vehumet.
   895 | D:2      | Found an ancient bone altar of Kikubaaqudgha.
  1313 | D:2      | Reached ** piety under Trog
  1775 | D:3      | Found a bloodstained altar of Trog.
  1952 | D:3      | Found a shadowy altar of Dithmenos.
  2090 | D:3      | Found a burning altar of Makhleb.
  2090 | D:3      | Noticed a cacodemon
  2101 | D:3      | Found a stormy altar of Qazlal.
  2109 | D:3      | Reached XP level 6. HP: 56/56 MP: 5/5
  2334 | D:4      | Reached skill level 6 in Axes
  2586 | D:4      | Noticed GreedyOne's ghost (amateur FoFi)
  2595 | D:4      | Killed GreedyOne's ghost
  2595 | D:4      | Reached skill level 7 in Axes
  2595 | D:4      | Reached skill level 5 in Armour
  2595 | D:4      | Reached XP level 7. HP: 63/63 MP: 6/6
  2633 | D:5      | Entered Level 5 of the Dungeon
  2647 | D:3      | HP: 1/63 [ogre/giant spiked club (18)]
  3496 | D:5      | Found Dapiev's Weapon Shoppe.
  3503 | D:5      | Reached skill level 8 in Axes
  3517 | D:5      | Reached *** piety under Trog
  3517 | D:5      | Reached XP level 8. HP: 61/71 MP: 7/7
  3677 | D:5      | Noticed Menkaure
  3823 | D:5      | Killed Menkaure
  3823 | D:5      | Reached skill level 9 in Axes
  3966 | D:5      | Found a glowing silver altar of Zin.
  4388 | D:6      | Noticed Pikel
  4446 | D:6      | Killed Pikel
  4446 | D:6      | Reached skill level 10 in Axes
  4446 | D:6      | Reached XP level 9. HP: 60/81 MP: 8/8
  4729 | D:6      | Found a snail-covered altar of Cheibriados.
  4828 | D:6      | Found a basalt altar of Yredelemnul.
  5021 | D:6      | Reached skill level 11 in Axes
  5519 | D:7      | Found Innorogh's Weapon Emporium.
  5617 | D:7      | Reached **** piety under Trog
  5854 | D:7      | Found a staircase to the Ecumenical Temple.
  6013 | D:8      | Noticed Grum
  6021 | D:8      | Reached skill level 12 in Axes
  6024 | D:8      | Killed Grum
  6024 | D:8      | Reached XP level 10. HP: 74/91 MP: 9/9
  6025 | D:8      | Noticed a two-headed ogre
  6036 | D:8      | Killed a two-headed ogre
  6242 | D:8      | Reached skill level 10 in Armour
  6470 | D:8      | Noticed a two-headed ogre
  6477 | D:8      | Killed a two-headed ogre
  6477 | D:8      | Reached skill level 10 in Fighting
  6477 | D:8      | Reached skill level 13 in Axes
  6520 | D:8      | Found a blossoming altar of Fedhas.
  7410 | D:9      | Reached XP level 11. HP: 92/100 MP: 10/10
  7764 | D:9      | Found a staircase to the Orcish Mines.
  8245 | D:10     | Entered Level 10 of the Dungeon
  8339 | D:10     | Reached ***** piety under Trog
  8700 | D:10     | Noticed Nergalle
  8706 | D:10     | Killed Nergalle
  8844 | D:10     | Killed an unseen horror
  8844 | D:10     | Reached skill level 14 in Axes
  9293 | D:11     | Noticed Josephine
  9304 | D:11     | Killed Josephine
  9416 | D:11     | Found a staircase to the Lair.
  9497 | D:11     | Found a hide-covered altar of Uskayaw.
  9509 | D:11     | Noticed a cyan ugly thing
  9518 | D:11     | Killed a cyan ugly thing
  9729 | D:11     | Noticed Maurice
  9743 | D:11     | Killed Maurice
  9875 | D:11     | Received a gift from Trog
 10057 | D:11     | Reached skill level 15 in Axes
 10166 | Lair:1   | Entered Level 1 of the Lair of Beasts
 10223 | Lair:1   | Reached XP level 12. HP: 56/111 MP: 3/11
 11030 | Lair:1   | Noticed Sonja
 18904 | Lair:2   | Found a staircase to the Snake Pit.
 19358 | Lair:2   | Noticed Urug
 19361 | Lair:2   | Noticed a seven-headed hydra
 19365 | Lair:2   | Killed Urug
 19366 | Lair:2   | Killed a seven-headed hydra
 19932 | Lair:2   | Reached skill level 16 in Axes
 20687 | Lair:3   | Noticed Sapher's ghost (journeyman GnNe)
 20889 | Lair:3   | Killed Sapher's ghost
 21308 | Lair:3   | Reached XP level 13. HP: 106/118 MP: 4/12
 22128 | Lair:4   | Found a staircase to the Shoals.
 22594 | Lair:5   | Reached skill level 17 in Axes
 22956 | Lair:5   | Found a staircase to the Slime Pits.
 22956 | Lair:5   | Found a viscous altar of Jiyva.
 23117 | Lair:6   | Entered Level 6 of the Lair of Beasts
 23407 | Lair:6   | Received a gift from Trog
 23486 | Lair:6   | Reached skill level 5 in Dodging
 23551 | Lair:6   | Reached skill level 1 in Shields
 23574 | Lair:6   | Reached skill level 15 in Armour
 23686 | Lair:6   | Found a shattered altar of Ashenzari.
 23788 | Lair:6   | Reached skill level 18 in Axes
 23994 | Lair:6   | Reached XP level 14. HP: 84/131 MP: 13/13
 25006 | Lair:1   | Killed Sonja
 25152 | Orc:1    | Entered Level 1 of the Orcish Mines
 26116 | Orc:2    | Entered Level 2 of the Orcish Mines
 26116 | Orc:2    | Noticed Donald
 26122 | Orc:2    | Killed Donald
 26242 | Orc:2    | Found a roughly hewn altar of Beogh.
 26287 | Orc:2    | Found a staircase to the Elven Halls.
 26387 | Orc:2    | Found a bloodstained altar of Trog.
 26675 | Orc:2    | Reached skill level 5 in Shields
 26725 | Orc:2    | Found Foiptoh's Antique Armour Shop.
 26725 | Orc:2    | Found Bett's Assorted Antiques.
 26727 | Orc:2    | Found Agiolud's Book Shop.
 26727 | Orc:2    | Found Lylenweu's Book Emporium.
 26749 | Orc:2    | Bought fire dragon scales for 1860 gold pieces
 27180 | Snake:1  | Entered Level 1 of the Snake Pit
 27294 | Snake:1  | Killed from afar by a shock serpent

Skill      XL: |  1  2  3  4  5  6  7  8  9 10 11 12 13 14 |
---------------+-------------------------------------------+-----
Fighting       | 4 5 6 7 9 10 12 14 | 14.5
Axes           | 4 5 7 8 10 12 13 15 16 18 | 18.6
Armour         | 3 4 5 6 7 9 11 12 14 15 | 15.7
Dodging        | 3 5 6 |  6.4
Shields        | 3 5 |  5.2
Stealth        | |  0.1
Evocations     | |  0.5

Action                   |  1- 3 |  4- 6 |  7- 9 | 10-12 | 13-15 || total
-------------------------+-------+-------+-------+-------+-------++-------
Melee: Hand axe          |    50 |   151 |   303 |   187 |       ||   691
       Headbutt          |     6 |    23 |    57 |   117 |    85 ||   288
       War axe           |       |     6 |     9 |       |       ||    15
       Broad axe         |       |       |       |   159 |   303 ||   462
       Battleaxe         |       |       |       |   196 |    85 ||   281
Invok: Berserk           |     1 |     1 |     1 |     8 |    14 ||    25
       Trog's Hand       |       |     1 |     2 |     6 |    10 ||    19
       Burn Spellbooks   |       |       |     1 |     1 |     1 ||     3
Evoke: Wand              |       |       |       |     5 |    10 ||    15
  Use: Scroll            |       |     4 |    15 |    10 |     7 ||    36
       Potion            |       |       |     1 |       |       ||     1
  Eat: Ration            |       |     2 |     4 |    15 |     9 ||    30
       Chunk             |       |     2 |       |     4 |     5 ||    11
Armor: Chain mail        |    29 |    86 |   151 |    38 |       ||   304
       Plate armour      |       |       |       |   367 |   283 ||   650
Dodge: Dodged            |    20 |    59 |   129 |   209 |   155 ||   572
Block: Shield            |       |       |       |       |   165 ||   165
